 Dungeon Crawl Stone Soup version 0.31-a0-1074-g0b22e4e0f1 (webtiles) character file.

Game seed: 5692626852325422591

14 bmb222 the Poker (level 2, -8/25 HPs)
             Began as a Minotaur Gladiator on Nov 28, 2023.
             Mangled by a gnoll
             ... wielding a +0 flail
              (9 damage)
             ... on level 1 of the Dungeon.
             The game lasted 00:00:49 (112 turns).

bmb222 the Poker (Minotaur Gladiator)                Turns: 112, Time: 00:00:50

Health: -8/25      AC:  3    Str: 18    XL:     2   Next: 31%
Magic:  1/1        EV: 12    Int:  5    God:
Gold:   12         SH:  0    Dex: 11    Spells: 1/1 levels left

rFire   . . .        a - +0 trident
rCold   . . .        (no shield)
rNeg    . . .        b - +0 leather armour
rPois   .            c - +0 hat
rElec   .            (no cloak)
rCorr   .            (no gloves)
SInv    .            (no boots)
Will    .....        (no amulet)
Stlth   +            (no ring)
HPRegen 0.24/turn    (no ring)
MPRegen 0.07/turn

%: no passive effects
@: no status effects
A: horns 2, retaliatory headbutt
a: no special abilities


You were on level 1 of the Dungeon.
You visited 1 branch of the dungeon, and saw 1 of its levels.

You collected 12 gold pieces.

Inventory:

Hand Weapons
 a - a +0 trident (weapon)
Missiles
 d - 3 throwing nets (quivered)
 e - a javelin
Armour
 b - a +0 leather armour (worn)
 c - a +0 hat (worn)
Jewellery
 f - a ring of magical power


   Skills:
 + Level 2.5 Fighting
 + Level 4.0 Polearms
 + Level 2.1 Throwing
 + Level 3.6 Dodging


You had one spell level left.
You didn't know any spells.
Your spell library was empty.

Dungeon Overview and Level Annotations

Branches:
Dungeon (1/15)

Altars:


Innate Abilities, Weirdness & Mutations

You have a pair of horns on your head.
You reflexively headbutt those who attack you in melee.


Message History

You hear a shout!
Found a stone staircase leading down.
You reach to attack!
You closely miss the kobold. You hit the kobold.
You kill the kobold!
No target in view!
No target in view!
Things that are here:
a +0 dagger; a kobold corpse A gnoll comes into view.
It is wielding a +0 flail.
A gnoll is nearby!
Found 12 gold pieces.
You closely miss the gnoll. You headbutt the gnoll.
The gnoll is heavily wounded.
The gnoll hits you with a +0 flail! x2
* * * LOW HITPOINT WARNING * * *
You are too injured to fight recklessly!
You are too injured to fight recklessly!
You are too injured to fight recklessly!
You are too injured to fight recklessly!
You are too injured to fight recklessly!
You are too injured to fight recklessly!
You are too injured to fight recklessly!
You are too injured to fight recklessly!
You are too injured to fight recklessly!
You are too injured to fight recklessly!
You are too injured to fight recklessly!
You are too injured to fight recklessly!
You are too injured to fight recklessly!
You are too injured to fight recklessly!
You are too injured to fight recklessly!
You are too injured to fight recklessly!
You are too injured to fight recklessly!
You are too injured to fight recklessly!
You are too injured to fight recklessly!
You are too injured to fight recklessly!
You barely miss the gnoll.
The gnoll is heavily wounded.
The gnoll hits you with a +0 flail!
You die...

$. . .# .##.#
..#.# #.#.#
#...# ####g.>#
#...@..#
#......#
#......#
#......#
#......#
#...)..#
####......#
......†...#
#########.#.#.#


You could see a gnoll.

Vanquished Creatures
  A dart slug (D:1)
  An endoplasm (D:1)
  2 goblins (D:1)
  3 jackals (D:1)
  A kobold (D:1)
  A quokka (D:1)
  A rat (D:1)
10 creatures vanquished.

Notes
Turn   | Place    | Note
-------+----------+-------------------------------------------
     0 | D:1      | bmb222 the Minotaur Gladiator began the quest for the Orb.
     0 | D:1      | Reached XP level 1. HP: 18/18 MP: 0/0
    75 | D:1      | Reached XP level 2. HP: 25/25 MP: 1/1
    83 | D:1      | Reached skill level 4 in Polearms
   111 | D:1      | HP: 1/25 [gnoll/+0 flail (12)]
   112 | D:1      | Mangled by a gnoll

Illustrated notes

Levels and vault maps discovered:
D:1:      dpeg_arrival_boxorama, layout_basic

Skill      XL: |  1  2 |
---------------+-------+-----
Polearms       | 4 |  4.0
Fighting       | |  2.5
Throwing       | |  2.1
Dodging        | |  3.6

Action                     || total
---------------------------++-------
  Melee: Trident           ||    28
         Headbutt          ||     5
 Armour: Leather armour    ||    10
  Dodge: Dodged            ||    14

Table legend: (Time is in decaauts)
 A = Elapsed time spent in this place.
 B = Non-inter-level travel time spent in this place.
 C = Inter-level travel time spent in this place.
 D = Time resting spent in this place.
 E = Time spent auto-exploring this place.
 F = Levels seen in this place.
 G = Mean time per level.
                   A        B        C        D        E       F      G
               +--------+--------+--------+--------+--------+-----+--------+
         Total |    115 |    115 |      0 |      0 |     61 |   1 |  115.0 |
       Dungeon |    115 |    115 |      0 |      0 |     61 |   1 |  115.0 |
               +--------+--------+--------+--------+--------+-----+--------+

Top non-repeatable levels by time:
     D:1: 115 daAuts
